 Dungeon Crawl Stone Soup version 0.26.1-11-gd32895ea62 (webtiles) character file.

Game seed: 1764901260186222287

1052 bnorton916 the Frost Mage (level 8, -8/52 HPs)
             Began as a Barachi Ice Elementalist on June 8, 2021.
             Killed from afar by a white imp (13 damage)
             ... with a puff of frost
             ... on level 6 of the Dungeon.
             The game lasted 00:18:25 (6896 turns).

bnorton916 the Frost Mage (BaIE)                    Turns: 6896, Time: 00:18:26

Health: -8/52      AC:  7    Str:  9    XL:     8   Next: 26%
Magic:  9/17       EV: 12    Int: 17    God:
Gold:   345        SH:  0    Dex: 14    Spells: 4/19 levels left

rFire    . . .     SeeInvis .   z - +8 hunting sling of Equilibrium {speed, rPois}
rCold    . . .     Faith    .   (no shield)
rNeg     . . .     Spirit   .   m - +0 leather armour (curse)
rPois    +         Reflect  .   d - +1 hat
rElec    .         Harm     .   (no cloak)
rCorr    .         Rampage  .   j - +0 pair of gloves
Will     .....                  y - +1 pair of boots
Stlth    ++........             (no amulet)
HPRegen  0.17/turn              (no ring)
MPRegen  0.15/turn              (no ring)

@: can't hop, slow
A: +LOS, swims, slowness 1, strong legs 1
a: Hop


You were on level 6 of the Dungeon.
You visited 1 branch of the dungeon, and saw 6 of its levels.

You collected 345 gold pieces.

Inventory:

Hand Weapons
 u - a +0 broad axe
 x - a +1 mace of protection
 z - the +8 hunting sling of Equilibrium (weapon) {speed, rPois}
   (You found it on level 4 of the Dungeon)

   Attacks with this weapon are significantly faster.
   It protects you from poison.
 D - a +1 antimagic short sword
 E - a +1 shortbow of flaming
Missiles
 b - 16 boomerangs
 c - 8 javelins
 p - 10 atropa-tipped darts
 A - 25 sling bullets (quivered ammo)
Armour
 a - a +0 robe
 d - a +1 hat (worn)
 j - a +0 pair of gloves (worn)
 m - a cursed +0 leather armour (worn)
 y - a +1 pair of boots (worn)
Scrolls
 g - 2 scrolls of fog
 h - 8 scrolls of remove curse
 l - 2 scrolls of noise
 n - a scroll of blinking {unknown}
 s - 2 scrolls of random uselessness
 v - 2 scrolls of identify
 w - 2 scrolls of amnesia
 B - a scroll of magic mapping {unknown}
 C - a scroll of enchant armour {unknown}
Potions
 f - 2 potions of brilliance
 i - 4 potions of attraction
 o - a potion of magic {unknown}
 q - a potion of invisibility {unknown}
 r - 2 potions of heal wounds {unknown}
 t - a potion of curing


   Skills:
 + Level 3.7 Armour
 - Level 2.1 Dodging
 - Level 1.7 Stealth
 - Level 6.0 Spellcasting
 + Level 2.6 Conjurations
 + Level 2.8 Summonings
 - Level 8.3 Ice Magic


You had 4 spell levels left.
You knew the following spells:

 Your Spells              Type           Power        Failure   Level
a - Freeze                Ice            100%         1%          1
b - Frozen Ramparts       Ice            66%          1%          3
c - Ozocubu's Armour      Ice            33%          1%          3
d - Hailstorm             Conj/Ice       23%          19%         4
e - Summon Ice Beast      Ice/Summ       24%          19%         4

Your spell library contained the following spells:

 Spells                   Type           Power        Failure   Level
 Magic Dart               Conj           52%          6%          1
 Call Imp                 Summ           14%          9%          2
 Blink                    Tloc           N/A          26%         2
 Slow                     Hex            5%           26%         2
 Conjure Flame            Conj/Fire      9%           30%         3
 Mephitic Cloud           Conj/Pois/Air  8%           36%         3


Dungeon Overview and Level Annotations

Branches:
Dungeon (6/15)
 Temple: D:4-7

Altars:
Fedhas

Shops:
D:4 (

Annotations:
D:6 Grinder, Menkaure


Innate Abilities, Weirdness & Mutations

You can be seen from farther away. (+LOS)
You can swim through water.
You cover ground slowly.
You can hop short distances.


Message History

An orc wizard comes into view. It is wielding a +0 dagger.
Grinder gestures at you. You resist with some effort.
The white imp sputters.
Found 23 gold pieces and a scroll of teleportation.
The jackal barks!
The white imp gestures at you. The puff of frost hits you!
* * * LOW HITPOINT WARNING * * *
The white imp barely misses you. The white imp closely misses you.
Grinder gestures at you.
You struggle to resist.
The white imp misses you. Grinder gestures at you. You resist with some effort.
Your ice beast hits Grinder.
Your ice beast freezes Grinder.
Grinder resists.
Your magical contamination has completely faded away.
Your ice beast disappears in a puff of smoke!
The white imp gestures at you. The puff of frost hits you!
You die...

# ..
...######################
..........ยง"5.5.@........
###...........h#########.
....................
###.#####.o###.#####
#..........##.#
#..........##.#
#....$.....##.# ###..
#..?........#.# ..# #....
#?.......!..#.# #.# #....


You could see Grinder, an orc wizard, a white imp and a jackal.

Vanquished Creatures
  An ogre (D:5)
  A necrophage (D:6)
  2 centaurs (D:5)
  A bullfrog (D:6)
  A scorpion (D:4)
  A howler monkey (D:4)
  A bullfrog skeleton (D:5)
  A hound (D:6)
  3 orc priests
  An orc wizard (D:4)
  Ijyb (D:4)
  3 worker ants
  9 adders
  11 gnolls
  A shadow imp (D:5)
  An ooze (D:3)
  5 worms
  6 leopard geckos
  9 orcs
  A giant cockroach (D:3)
  3 goblins
  2 hobgoblins
  9 jackals
  3 quokkas (D:3)
  2 ball pythons
  7 bats
  6 frilled lizards
  A jackal skeleton (D:4)
  9 kobolds
  A leopard gecko skeleton (D:5)
  7 rats
110 creatures vanquished.

Vanquished Creatures (collateral kills)
  A nameless horror (D:6)
1 creature vanquished.

Vanquished Creatures (others)
  21 plants (D:1)
21 creatures vanquished.

Grand Total: 132 creatures vanquished

Notes
Turn   | Place    | Note
-------+----------+-------------------------------------------
     0 | D:1      | bnorton916 the Barachi Ice Elementalist began the quest for
                  | the Orb.
     0 | D:1      | Reached XP level 1. HP: 13/13 MP: 3/3
   133 | D:1      | Reached skill level 5 in Ice Magic
   214 | D:1      | Reached XP level 2. HP: 19/19 MP: 2/5
  1359 | D:2      | Reached XP level 3. HP: 22/24 MP: 2/7
  1416 | D:2      | Learned a level 3 spell: Frozen Ramparts
  1420 | D:2      | Learned a level 3 spell: Ozocubu's Armour
  1963 | D:2      | Reached XP level 4. HP: 30/30 MP: 3/9
  2262 | D:3      | Found a faded altar of an unknown god.
  2276 | D:3      | Reached skill level 6 in Ice Magic
  2283 | D:3      | Reached XP level 5. HP: 35/35 MP: 2/10
  2586 | D:3      | You fall into a shaft and drop 1 floor!
  2660 | D:4      | Noticed Ijyb
  2864 | D:4      | Reached XP level 6. HP: 36/41 MP: 6/12
  2910 | D:4      | Found Otouhadd's Antique Weapon Shoppe.
  2921 | D:4      | Reached skill level 7 in Ice Magic
  3221 | D:3      | Reached skill level 5 in Spellcasting
  3784 | D:4      | Reached XP level 7. HP: 28/46 MP: 7/15
  4010 | D:4      | Learned a level 4 spell: Hailstorm
  4015 | D:4      | Learned a level 4 spell: Summon Ice Beast
  4050 | D:4      | Killed Ijyb
  4312 | D:4      | Got a crystal hunting sling
  4313 | D:4      | Identified the +8 hunting sling of Equilibrium {speed,
                  | rPois} (You found it on level 4 of the Dungeon)
  4574 | D:5      | Entered Level 5 of the Dungeon
  4595 | D:5      | Reached skill level 8 in Ice Magic
  5364 | D:5      | Reached skill level 1 in Armour
  5869 | D:5      | Found a blossoming altar of Fedhas.
  5879 | D:5      | HP: 2/46 [centaur/arrow (5)]
  6273 | D:5      | Reached skill level 1 in Conjurations
  6273 | D:5      | Reached skill level 1 in Summonings
  6637 | D:6      | Reached XP level 8. HP: 52/52 MP: 13/17
  6806 | D:6      | Noticed Menkaure
  6877 | D:6      | Noticed Grinder
  6879 | D:6      | Noticed a nameless horror
  6886 | D:6      | Killed a nameless horror
  6887 | D:6      | Paralysed by Grinder for 2 turns
  6896 | D:6      | Killed from afar by a white imp

Illustrated notes

Levels and vault maps discovered:
D:1:      minmay_arrival_plants_in_alcoves, layout_loops_corners,
          lexackson_kobold_supper
D:2:      layout_basic
D:3:      minmay_general_purpose_star, layout_loops_cross,
          chequers_ecumenical_altar_simple
D:4:      layout_gridville, serial_shops, shop, chequers_hall_statues_wall_a,
          uniq_ijyb
D:5:      layout_rooms, fedhas_bush_and_centaur_altar
D:6:      layout_basic, uniq_menkaure, uniq_grinder

Skill      XL: |  1  2  3  4  5  6  7  8 |
---------------+-------------------------+-----
Ice Magic      | 5 6 7 8 |  8.3
Spellcasting   | 3 4 5 6 |  6.0
Armour         | 2 3 |  3.7
Conjurations   | 1 2 |  2.6
Summonings     | 1 2 |  2.8
Dodging        | |  2.1
Stealth        | |  1.7

Action                   |  1- 3 |  4- 6 |  7- 9 || total
-------------------------+-------+-------+-------++-------
Melee: Unarmed           |     6 |       |       ||     6
 Fire: Hunting sling     |       |       |    11 ||    11
Throw: Javelin           |     9 |    11 |     2 ||    22
 Cast: Freeze            |    39 |    54 |    48 ||   141
       Frozen Ramparts   |     2 |    13 |    11 ||    26
       Ozocubu's Armour  |     1 |     1 |       ||     2
       Summon Ice Beast  |       |       |     1 ||     1
 Abil: Hop               |     1 |     1 |     2 ||     4
  Use: Potion            |       |     2 |     3 ||     5
       Scroll            |       |     4 |     9 ||    13
Armor: Robe              |     4 |    18 |     3 ||    25
       Leather armour    |       |       |    20 ||    20
Dodge: Dodged            |    27 |    44 |    56 ||   127
